[Event "December 12 Late 2023"]
[Site "https://www.chess.com"]
[Date "2023.12.12"]
[Round "9"]
[White "Matinian, Nikita"]
[Black "Assylov, Miras"]
[Result "1/2-1/2"]
[Board "32"]
[TimeControl "180+1"]
[WhiteFideId "24129100"]
[BlackFideId "13728873"]
[WhiteElo "2766"]
[BlackElo "2580"]
[WhiteTeam "FID"]
[BlackTeam "KAZ"]
[WhiteClock "0:00:02"]
[BlackClock "0:00:02"]

1. e4 c5 2. Nc3 e6 3. f4 d5 4. Nf3 dxe4 5. Nxe4 Nf6 6. Bb5+ Bd7 7. Qe2 Bxb5 8. Qxb5+ Qd7 9. Nxf6+ gxf6 10. Qxd7+ Kxd7 11. b3 Rg8 12. g3 Nc6 13. Bb2 f5 14. O-O-O h6 15. Rhe1 Rd8 16. d4 Kc8 17. c4 cxd4 18. Nxd4 Bb4 19. Re2 Bc5 20. Nxc6 bxc6 21. Rxd8+ Rxd8 22. Kc2 h5 23. Bf6 Rd7 24. Bc3 Rd8 25. b4 Be7 26. a4 a6 27. h4 Kb7 28. Re3 Rd7 29. Re1 Rd8 30. Rb1 Rg8 31. Be1 Rd8 32. Bf2 Rc8 33. Kd3 Rd8+ 34. Ke2 Bf6 35. b5 Bd4 36. Rd1 Bf6 37. Rxd8 Bxd8 38. Kd3 Bf6 39. Bd4 Bd8 40. Bf2 Bf6 41. Bd4 Bd8 42. Be3 Bf6 43. Kc2 Be7 44. Kb3 axb5 45. cxb5 cxb5 46. axb5 Bd8 47. Kc4 Be7 48. Bc5 Bd8 49. Kd4 Bf6+ 50. Kc4 Bd8 51. Bd4 Be7 52. Bc5 Bf6 53. Bf2 Be7 54. Kd4 Bf6+ 55. Kc5 Be7+ 56. Kc4 Bd8 57. Bd4 Bc7 58. Be5 Bb6 59. Bd4 Bc7 60. Kb4 Bd8 61. Kc4 1/2-1/2

[Event "December 12 Late 2023"]
[Site "https://www.chess.com"]
[Date "2023.12.12"]
[Round "9"]
[White "Atakhan, Abtin"]
[Black "Espinoza Villanueva, Rodrigo"]
[Result "1-0"]
[Board "33"]
[TimeControl "180+1"]
[WhiteFideId "22502203"]
[BlackFideId "5140188"]
[WhiteElo "2744"]
[BlackElo "2576"]
[WhiteTeam "IRI"]
[BlackTeam "MEX"]
[WhiteClock "0:00:54"]
[BlackClock "0:00:34"]

1. Nf3 Nf6 2. c4 g6 3. Nc3 Bg7 4. e4 d6 5. d4 O-O 6. Be2 Nbd7 7. O-O e5 8. Be3 Ng4 9. Bg5 f6 10. Bh4 g5 11. Bg3 h5 12. Ne1 Nh6 13. Bxh5 exd4 14. Nb5 Ne5 15. Nxd4 f5 16. Nxf5 Nxf5 17. exf5 Bxf5 18. Nf3 Qe7 19. Re1 b6 20. Nxe5 dxe5 21. Bxe5 Rad8 22. Qe2 g4 23. Bxg4 Bxe5 24. Qxe5 Qxe5 25. Rxe5 Bxg4 26. Rg5+ Kh7 27. Rxg4 Rd2 28. f4 Rxb2 29. Re1 Rxa2 30. Re7+ Kh6 31. Rxc7 Rd8 32. h3 a5 33. Rc6+ Kh7 34. Rxb6 a4 35. Rb7+ Kh6 36. f5 Rd1+ 37. Kh2 Rd6 38. c5 Rf6 39. Rb6 Rxb6 40. cxb6 Rb2 41. Rxa4 Rxb6 42. Rg4 1-0

[Event "December 12 Late 2023"]
[Site "https://www.chess.com"]
[Date "2023.12.12"]
[Round "9"]
[White "Silva, Kaua Marques"]
[Black "Bolourchifard, Farzad"]
[Result "0-1"]
[Board "34"]
[TimeControl "180+1"]
[WhiteFideId "22701168"]
[BlackFideId "12510084"]
[WhiteElo "2561"]
[BlackElo "2734"]
[WhiteTeam "BRA"]
[BlackTeam "IRI"]
[WhiteClock "0:00:01"]
[BlackClock "0:00:08"]

1. e4 e5 2. Nf3 Nc6 3. Bb5 a6 4. Ba4 d6 5. d4 Bd7 6. d5 Nb8 7. c4 Nf6 8. Nc3 g6 9. O-O Bg7 10. c5 O-O 11. b4 Bg4 12. h3 Bxf3 13. Qxf3 a5 14. Rb1 Nbd7 15. c6 bxc6 16. Bxc6 Ra7 17. Be3 Nb6 18. b5 Nfd7 19. Na4 f5 20. Bxd7 Qxd7 21. Nxb6 cxb6 22. Bxb6 Rb7 23. Bxa5 Ra8 24. Qc3 Rxb5 25. Qc6 Qxc6 26. dxc6 Rbxa5 27. c7 Rf8 28. Rb8 Rc5 29. exf5 gxf5 30. Rd1 Rxc7 31. Rb6 Rd8 32. Rbxd6 Rxd6 33. Rxd6 Rc1+ 34. Kh2 Ra1 35. Rd2 Bh6 36. Re2 e4 37. g4 fxg4 38. hxg4 Kg7 39. Kg3 Kf6 40. Rxe4 Rxa2 41. Rc4 Kg6 42. Rc6+ Kg7 43. Rc7+ Kg8 44. Rc8+ Bf8 45. f3 Ra7 46. Kh4 Kf7 47. Kg3 Ra6 48. Rc3 Kg6 49. Rb3 Bg7 50. Kh3 h6 51. Kg3 Bf6 52. Kh3 Ra4 53. Kg3 Be5+ 54. Kh3 Bf4 55. Rb6+ Kf7 56. Rb7+ Ke6 57. Kh4 Ra3 58. Rb6+ Kd5 59. Rb5+ Kc6 60. Rf5 Rxf3 61. Kh5 Rh3+ 62. Kg6 Bg5 63. Ra5 Kd6 64. Kf5 Rf3+ 65. Kg6 Ke6 66. Ra6+ Ke5 67. Ra5+ Kf4 68. Rf5+ Kg3 69. Kh5 Ra3 70. Rb5 Kf3 71. Rf5+ Bf4 72. Rb5 Ra1 73. g5 hxg5 74. Kg6 g4 75. Kf5 g3 76. Rb3+ Be3 0-1

[Event "December 12 Late 2023"]
[Site "https://www.chess.com"]
[Date "2023.12.12"]
[Round "9"]
[White "Roberson, Peter T"]
[Black "Pakleza, Zbigniew"]
[Result "0-1"]
[Board "35"]
[TimeControl "180+1"]
[WhiteFideId "412384"]
[BlackFideId "1119290"]
[WhiteElo "2567"]
[BlackElo "2715"]
[WhiteTeam "ENG"]
[BlackTeam "POL"]
[WhiteClock "0:00:00"]
[BlackClock "0:00:19"]

1. Nc3 d5 2. e4 dxe4 3. Nxe4 Nc6 4. Nf3 Bg4 5. h3 Bh5 6. Bb5 Qd5 7. Nc3 Qe6+ 8. Qe2 Qxe2+ 9. Kxe2 O-O-O 10. Bxc6 bxc6 11. d3 e6 12. Be3 Kb7 13. Ne4 Nf6 14. Nc5+ Ka8 15. g4 Bg6 16. Ne5 Rd5 17. Nxg6 hxg6 18. Ne4 Be7 19. Rad1 Ra5 20. a3 Nd5 21. Bd2 Ra6 22. c4 Nf6 23. Bc3 Rb6 24. b4 Rbb8 25. Kf3 Rbd8 26. Ng5 Rhf8 27. h4 Kb7 28. Be5 Ne8 29. Bf4 a6 30. h5 gxh5 31. Rxh5 Nf6 32. Rh3 c5 33. b5 axb5 34. cxb5 Ra8 35. Nh7 Rfd8 36. Nxf6 Bxf6 37. g5 Bb2 38. g6 fxg6 39. Rg3 c4 40. Ke2 c3 41. Rxg6 c2 42. Rdg1 Rxa3 43. Rxg7 Bxg7 44. Rxg7 Rc3 45. Bc1 Rdxd3 0-1

[Event "December 12 Late 2023"]
[Site "https://www.chess.com"]
[Date "2023.12.12"]
[Round "9"]
[White "Osmak, Yuliia"]
[Black "Dyachuk, Artem"]
[Result "0-1"]
[Board "36"]
[TimeControl "180+1"]
[WhiteFideId "14101602"]
[BlackFideId "34107924"]
[WhiteElo "2553"]
[BlackElo "2697"]
[WhiteTeam "UKR"]
[BlackTeam "UKR"]
[WhiteClock "0:00:10"]
[BlackClock "0:00:20"]

1. d4 d5 2. c4 c6 3. cxd5 cxd5 4. Nc3 Nc6 5. e4 dxe4 6. d5 Ne5 7. Qa4+ Bd7 8. Qxe4 Ng6 9. Bc4 Nf6 10. Qe2 Rc8 11. Nf3 Qc7 12. Bb3 Nf4 13. Bxf4 Qxf4 14. O-O h5 15. Rfe1 h4 16. Ne5 Ng4 17. Nxg4 Bxg4 18. Ba4+ Qxa4 19. Nxa4 Bxe2 20. Rxe2 Rh5 21. Nc3 a6 22. Rae1 Rd8 23. h3 Rd7 24. Re4 g6 25. Rc4 Kd8 26. Rc1 Rc7 27. Rxc7 Kxc7 28. Ne4+ Kb8 29. Rd1 Re5 30. Nc5 Kc7 31. Rc1 Bh6 32. Rc4 Rxd5 33. Nb3+ Kb8 34. Rxh4 Bg7 35. Rf4 Rd1+ 36. Kh2 Be5 37. g3 Bxf4 38. gxf4 Rb1 39. Nc5 Rxb2 40. Nd7+ Kc7 41. Ne5 Rxf2+ 42. Kg3 Rxa2 43. Nxf7 a5 44. Ne5 a4 45. Nxg6 a3 46. Ne5 Ra1 47. Nd3 a2 48. Nb4 Rg1+ 0-1

[Event "December 12 Late 2023"]
[Site "https://www.chess.com"]
[Date "2023.12.12"]
[Round "9"]
[White "Nagare Kaivalya Sandip"]
[Black "Korchynskyi, Mykola"]
[Result "1-0"]
[Board "37"]
[TimeControl "180+1"]
[WhiteFideId "25957929"]
[BlackFideId "34138005"]
[WhiteElo "2678"]
[BlackElo "2550"]
[WhiteTeam "IND"]
[BlackTeam "UKR"]
[WhiteClock "0:00:36"]
[BlackClock "0:00:03"]

1. e4 e6 2. d4 d5 3. Nc3 Bb4 4. e5 c5 5. a3 Bxc3+ 6. bxc3 Ne7 7. Nf3 Nbc6 8. a4 O-O 9. Bd3 Qa5 10. Bd2 Ng6 11. h4 c4 12. Be2 Nge7 13. h5 f6 14. h6 g6 15. exf6 Rxf6 16. O-O Bd7 17. Re1 Raf8 18. Bf1 Qc7 19. Bg5 R6f7 20. Ne5 Nxe5 21. dxe5 Nc6 22. Bf6 Qb6 23. Rb1 Qc7 24. Qg4 b6 25. Re3 Ne7 26. Qh3 Bxa4 27. Qxe6 Bxc2 28. Ra1 Be4 29. Rxe4 dxe4 30. Bxc4 Re8 31. Qxf7# 1-0

[Event "December 12 Late 2023"]
[Site "https://www.chess.com"]
[Date "2023.12.12"]
[Round "9"]
[White "Lin, Bryan Enming"]
[Black "Karacsonyi, Gellert"]
[Result "1/2-1/2"]
[Board "38"]
[TimeControl "180+1"]
[WhiteFideId "30987121"]
[BlackFideId "764620"]
[WhiteElo "2533"]
[BlackElo "2667"]
[WhiteTeam "USA"]
[BlackTeam "HUN"]
[WhiteClock "0:00:22"]
[BlackClock "0:00:15"]

1. e4 c5 2. Nf3 Nc6 3. d4 cxd4 4. Nxd4 g6 5. c4 Nf6 6. Nc3 d6 7. Be2 Nxd4 8. Qxd4 Bg7 9. O-O O-O 10. Qd3 a5 11. Be3 a4 12. Rad1 Qa5 13. f3 Be6 14. Bd4 Rfc8 15. b3 axb3 16. axb3 Qb4 17. Nb5 Nd7 18. Qe3 Nc5 19. Bxg7 Kxg7 20. Nd4 Ra2 21. f4 Bd7 22. f5 Rf8 23. e5 dxe5 24. Qxe5+ f6 25. Qxe7+ Rf7 26. Qd6 Nd3 27. Qg3 Ne5 28. Kh1 Ra8 29. fxg6 hxg6 30. Bd3 Rh8 31. Bf5 Qb6 32. Bxd7 Rxd7 33. Nf5+ Kf7 34. Qxe5 fxe5 35. Rxd7+ Ke8 36. Re7+ Kd8 37. Rd1+ Kc8 38. Nd6+ Kb8 39. c5 Qxb3 40. Rxb7+ Qxb7 41. Nxb7 Kxb7 42. Rd6 Rg8 43. Re6 Rd8 44. Kg1 Rd5 45. c6+ Kc7 46. Rxg6 Rd2 47. Re6 Re2 48. Kf1 Re4 49. g3 Re3 50. Kf2 Re4 51. h4 Kd8 52. h5 Kc7 53. h6 Rd4 54. h7 Rd2+ 55. Kg1 Rd1+ 56. Kg2 Rd2+ 57. Kh3 Rd1 58. Kh2 Rd2+ 59. Kg1 Rd1+ 60. Kf2 Rh1 61. Re7+ Kxc6 62. Kf3 Kd6 63. Ra7 Ke6 64. Kg4 Kf6 65. Kf3 Kg6 66. Ke4 Rxh7 67. Rxh7 Kxh7 68. Kxe5 Kg6 69. Kf4 Kf6 70. Kg4 Kg6 71. Kh4 Kh6 72. Kg4 Kg6 73. Kf4 Kf6 74. Ke4 Kg5 75. Kf3 Kf5 76. g4+ Kg5 77. Kg3 Kg6 78. Kf4 Kf6 79. g5+ Kg6 80. Kg4 Kg7 81. Kf4 Kg6 82. Kg4 Kg7 83. Kg3 Kg6 84. Kh4 Kg7 85. Kh5 Kh7 86. Kh4 Kg6 87. Kg4 1/2-1/2

[Event "December 12 Late 2023"]
[Site "https://www.chess.com"]
[Date "2023.12.12"]
[Round "9"]
[White "Goryachkina, Aleksandra"]
[Black "Cervantes Landeiro, Thalia"]
[Result "1-0"]
[Board "39"]
[TimeControl "180+1"]
[WhiteFideId "4147103"]
[BlackFideId "3520498"]
[WhiteElo "2665"]
[BlackElo "2508"]
[WhiteTeam "FID"]
[BlackTeam "USA"]
[WhiteClock "0:00:54"]
[BlackClock "0:00:11"]

1. e4 c5 2. Nf3 d6 3. Bb5+ Nd7 4. O-O a6 5. Bxd7+ Bxd7 6. Re1 Nf6 7. c3 g6 8. d4 cxd4 9. cxd4 Bg7 10. e5 dxe5 11. dxe5 Ng4 12. h3 Nh6 13. Nc3 O-O 14. Bg5 f6 15. Qb3+ Kh8 16. exf6 exf6 17. Bxh6 Bxh6 18. Qxb7 Rb8 19. Qxa6 Rxb2 20. Rad1 Qc7 21. Ne4 Bc6 22. Qa3 Rbb8 23. Qc3 Rbc8 24. Nd6 Rcd8 25. Nf7+ Qxf7 26. Rxd8 Rxd8 27. Qxc6 Bg7 28. a4 f5 29. Ng5 Qa2 30. Re8+ Bf8 31. Qf6+ Kg8 32. Qxf8# 1-0

[Event "December 12 Late 2023"]
[Site "https://www.chess.com"]
[Date "2023.12.12"]
[Round "9"]
[White "Solon, Nathan"]
[Black "yaguigor"]
[Result "1/2-1/2"]
[Board "40"]
[TimeControl "180+1"]
[WhiteFideId "2017229"]
[WhiteElo "2662"]
[BlackElo "2504"]
[WhiteTeam "USA"]
[WhiteClock "0:00:14"]
[BlackClock "0:00:10"]

1. d4 d5 2. Bf4 Nf6 3. e3 c5 4. Nf3 Nc6 5. Nbd2 cxd4 6. exd4 Bg4 7. c3 e6 8. Qb3 Qc8 9. Bd3 Bxf3 10. Nxf3 Be7 11. O-O O-O 12. Rae1 Nh5 13. Bc1 Bd6 14. Ne5 f5 15. g3 Nf6 16. Qd1 Bxe5 17. dxe5 Nd7 18. f4 Nc5 19. Bb1 b5 20. Be3 Ne4 21. a3 Qb7 22. g4 g6 23. Re2 a5 24. Rg2 Kh8 25. Kh1 b4 26. cxb4 axb4 27. a4 b3 28. gxf5 gxf5 29. Bxe4 fxe4 30. Qh5 d4 31. f5 dxe3 32. f6 Rf7 33. Rfg1 Nxe5 34. Qxe5 Qd5 35. Qg3 Qd8 36. Qxe3 Qxf6 37. Qxe4 Qf3 38. Qd4+ Qf6 39. Qg4 h6 40. Qh3 Kh7 41. Qxb3 Raf8 42. Qd3+ Qf5 43. Qxf5+ exf5 44. b4 f4 45. Rf2 f3 46. b5 Rf4 47. Ra1 Rb4 48. h4 Rxh4+ 49. Rh2 Rb4 50. Rh5 f2 51. Rf1 Rxa4 52. Rh2 Rb4 53. Rhxf2 Rxf2 54. Rxf2 Rxb5 55. Rf6 Kg7 56. Ra6 Rh5+ 57. Kg2 Rg5+ 58. Kh2 Rf5 59. Ra3 Rf6 60. Rg3+ Rg6 61. Rxg6+ Kxg6 62. Kh1 Kg5 63. Kg1 Kg4 64. Kh1 Kg3 65. Kg1 h5 66. Kh1 h4 67. Kg1 h3 68. Kh1 h2 1/2-1/2

[Event "December 12 Late 2023"]
[Site "https://www.chess.com"]
[Date "2023.12.12"]
[Round "9"]
[White "Gubajdullin, Alexei"]
[Black "Dubessay, Bastien"]
[Result "1-0"]
[Board "41"]
[TimeControl "180+1"]
[WhiteFideId "4141202"]
[BlackFideId "650048"]
[WhiteElo "2640"]
[BlackElo "2455"]
[WhiteTeam "RUS"]
[BlackTeam "FRA"]
[WhiteClock "0:00:30"]
[BlackClock "0:00:10"]

1. e4 e6 2. d4 d5 3. Nd2 Nf6 4. e5 Nfd7 5. Bd3 c5 6. c3 b5 7. Bxb5 Qb6 8. Bxd7+ Nxd7 9. Ne2 Ba6 10. O-O f6 11. exf6 Nxf6 12. Re1 Bd6 13. Nf3 Ne4 14. Ng3 O-O 15. Nxe4 dxe4 16. Rxe4 Bb7 17. Rh4 Bxf3 18. gxf3 Rad8 19. Qd3 g6 20. Qe4 Kh8 21. Bg5 Rd7 22. b3 cxd4 23. cxd4 Rf5 24. Be3 Qd8 25. Rg4 Qf6 26. Rc1 Rxf3 27. d5 e5 28. Bh6 Rd8 29. Bg5 Qf5 30. Bxd8 Rxf2 31. Qxf5 Rxf5 32. Rc8 Kg7 33. Rgc4 Rg5+ 1-0

[Event "December 12 Late 2023"]
[Site "https://www.chess.com"]
[Date "2023.12.12"]
[Round "9"]
[White "Szpar, Milosz"]
[Black "Iskusnyh, Sergei"]
[Result "0-1"]
[Board "42"]
[TimeControl "180+1"]
[WhiteFideId "1184989"]
[BlackFideId "4120027"]
[WhiteElo "2862"]
[BlackElo "2590"]
[WhiteTeam "POL"]
[BlackTeam "RUS"]
[WhiteClock "0:00:00"]
[BlackClock "0:01:02"]

1. e4 e6 2. d4 d5 3. Nc3 Nf6 4. Bg5 dxe4 5. Nxe4 Nbd7 6. Nf3 h6 7. Nxf6+ Nxf6 8. Be3 Bd6 9. Bd3 b6 10. Ne5 O-O 11. g4 Bb7 12. Rg1 Nd5 13. g5 Bxe5 14. dxe5 Nxe3 15. fxe3 g6 16. h4 h5 17. Qd2 Qd5 18. Qc3 Qf3 19. Be2 Qc6 20. Qxc6 Bxc6 21. O-O-O Rfd8 22. Rd4 Kf8 23. Rf4 Ke7 24. Rgf1 Be8 25. Bf3 Rab8 26. Be4 a5 27. a4 b5 28. axb5 Rxb5 29. Bd3 Rxe5 30. Kd2 Red5 31. Ke2 e5 32. Rc4 c5 33. Rc3 a4 34. b3 axb3 35. Rxb3 e4 36. Bxe4 Rd2+ 37. Kf3 Bd7 38. Rb7 Ke8 39. Kg3 Be6 40. Rf6 Re2 41. Kf3 Rdd2 42. Bc6+ Kd8 43. Rbxf7 Bxf7 44. Rxf7 Rf2+ 45. Ke4 Rxf7 46. c4 Re7+ 0-1

[Event "December 12 Late 2023"]
[Site "https://www.chess.com"]
[Date "2023.12.12"]
[Round "9"]
[White "Wieczorek, Oskar"]
[Black "Hajiyev, Kanan"]
[Result "0-1"]
[Board "43"]
[TimeControl "180+1"]
[WhiteFideId "1133950"]
[BlackFideId "13404148"]
[WhiteElo "2759"]
[BlackElo "2582"]
[WhiteTeam "POL"]
[BlackTeam "AZE"]
[WhiteClock "0:00:00"]
[BlackClock "0:01:36"]

1. e4 c6 2. d4 d5 3. Nd2 a6 4. c3 h6 5. Bd3 dxe4 6. Nxe4 Bf5 7. Nf3 e6 8. Qe2 Nf6 9. Nxf6+ Qxf6 10. Ne5 Bxd3 11. Qxd3 Bd6 12. Qe4 O-O 13. O-O Rd8 14. Bf4 Bxe5 15. dxe5 Qf5 16. Qxf5 exf5 17. Rad1 Nd7 18. Rd6 Nc5 19. Rfd1 Rxd6 20. exd6 Rd8 21. f3 f6 22. Be3 Nd7 23. c4 Re8 24. Kf2 c5 25. a3 a5 26. b4 axb4 27. axb4 cxb4 28. c5 Re5 29. Ra1 Kf7 30. f4 Rd5 31. Ra7 Nxc5 32. Bxc5 Rxc5 33. Rxb7+ Ke6 34. d7 Rd5 35. d8=Q Rxd8 36. Rxg7 Rb8 37. Ke3 b3 38. Rg8 Rxg8 0-1

[Event "December 12 Late 2023"]
[Site "https://www.chess.com"]
[Date "2023.12.12"]
[Round "9"]
[White "Shuvalova, Polina"]
[Black "Asish Panda"]
[Result "1-0"]
[Board "44"]
[TimeControl "180+1"]
[WhiteFideId "24171760"]
[BlackFideId "45012458"]
[WhiteElo "2729"]
[BlackElo "2543"]
[WhiteTeam "RUS"]
[BlackTeam "IND"]
[WhiteClock "0:01:38"]
[BlackClock "0:00:11"]

1. e4 e6 2. d4 d5 3. Nd2 c5 4. exd5 Qxd5 5. Ngf3 cxd4 6. Bc4 Qd7 7. O-O Nc6 8. Nb3 Nf6 9. Nbxd4 Nxd4 10. Nxd4 a6 11. Re1 Bc5 12. c3 O-O 13. Bg5 Nd5 14. Qh5 b5 15. Bd3 g6 16. Qh4 f6 17. Bh6 Re8 18. Be4 Bb7 19. Rad1 Rad8 20. Nb3 Be7 21. Bf3 g5 22. Qg4 f5 23. Qh5 g4 24. Bxg4 fxg4 25. Qxg4+ Bg5 26. Qxg5+ Kh8 27. Qe5+ Kg8 28. Rd3 Re7 29. Rg3+ Kf7 30. Qg7+ 1-0

[Event "December 12 Late 2023"]
[Site "https://www.chess.com"]
[Date "2023.12.12"]
[Round "9"]
[White "Goltsev, Dmitry"]
[Black "Morris-Suzuki, Alan H"]
[Result "1-0"]
[Board "45"]
[TimeControl "180+1"]
[WhiteFideId "24176710"]
[BlackFideId "30933218"]
[WhiteElo "2669"]
[BlackElo "2534"]
[WhiteTeam "RUS"]
[BlackTeam "USA"]
[WhiteClock "0:02:05"]
[BlackClock "0:00:42"]

1. e4 c5 2. Nf3 d6 3. d4 cxd4 4. Nxd4 Nf6 5. Nc3 a6 6. Be2 e5 7. Nf5 d5 8. Ng3 d4 9. Nb1 Nc6 10. O-O Bc5 11. c3 O-O 12. Bg5 h6 13. Bd2 d3 14. Bf3 b5 15. b4 Bb6 16. a4 Be6 17. Na3 Bc4 18. axb5 axb5 19. Nxc4 bxc4 20. Nf5 Qd7 21. Rxa8 Rxa8 22. Qc1 Ne7 23. Bxh6 Nxf5 24. exf5 Qxf5 25. Bxa8 gxh6 26. Qxh6 Bxf2+ 27. Rxf2 Qxf2+ 28. Kxf2 Ng4+ 29. Ke1 Nxh6 30. b5 Nf5 31. b6 Nd6 32. b7 Nxb7 33. Bxb7 1-0

[Event "December 12 Late 2023"]
[Site "https://www.chess.com"]
[Date "2023.12.12"]
[Round "9"]
[White "Karas, Marek"]
[Black "Piesik, Piotr"]
[Result "0-1"]
[Board "46"]
[TimeControl "180+1"]
[WhiteFideId "14928558"]
[BlackFideId "1136194"]
[WhiteElo "2525"]
[BlackElo "2654"]
[WhiteTeam "CZE"]
[BlackTeam "CZE"]
[WhiteClock "0:02:17"]
[BlackClock "0:02:49"]

1. d4 c5 2. d5 e5 3. Nc3 d6 4. e4 Be7 5. Bb5+ Nd7 6. a4 Bg5 7. Nf3 Bxc1 8. Qxc1 Ne7 9. Qg5 O-O 10. O-O h6 11. Qh4 Nf6 12. a5 Ng6 13. Qg3 Nh5 0-1

[Event "December 12 Late 2023"]
[Site "https://www.chess.com"]
[Date "2023.12.12"]
[Round "9"]
[White "Chylewski, Patryk"]
[Black "Tokhirjonova, Gulrukhbegim"]
[Result "1-0"]
[Board "47"]
[TimeControl "180+1"]
[WhiteFideId "1186191"]
[BlackFideId "14203626"]
[WhiteElo "2514"]
[BlackElo "2637"]
[WhiteTeam "POL"]
[BlackTeam "USA"]
[WhiteClock "0:02:11"]
[BlackClock "0:01:41"]

1. Nf3 d5 2. d4 Nf6 3. c4 e6 4. Nc3 Be7 5. Bg5 h6 6. Bxf6 Bxf6 7. e3 c6 8. Qc2 Nd7 9. O-O-O dxc4 10. Bxc4 b5 11. Bd3 a5 12. Ne4 Bb7 13. Nd6+ Kf8 14. Nxb7 Qb6 15. Nc5 Qd8 16. Be4 Rc8 17. Ne5 Nb6 18. Kb1 Nd5 19. Ng6+ fxg6 20. Nxe6+ Ke7 21. Nxd8 Rhxd8 22. Bxd5 cxd5 23. Qxg6 a4 24. Rc1 b4 25. Rxc8 Rxc8 26. Rc1 Rxc1+ 27. Kxc1 a3 28. bxa3 bxa3 29. Kc2 1-0

[Event "December 12 Late 2023"]
[Site "https://www.chess.com"]
[Date "2023.12.12"]
[Round "9"]
[White "Bazilius, Augustinas"]
[Black "Kleiman, Jake"]
[Result "1-0"]
[Board "48"]
[TimeControl "180+1"]
[WhiteFideId "12832251"]
[BlackFideId "2020041"]
[WhiteElo "2498"]
[BlackElo "2632"]
[WhiteTeam "LTU"]
[BlackTeam "USA"]
[WhiteClock "0:00:15"]
[BlackClock "0:00:23"]

1. d4 Nf6 2. c4 e6 3. Nf3 Bb4+ 4. Bd2 Bxd2+ 5. Qxd2 O-O 6. g3 d6 7. Bg2 Qe7 8. O-O e5 9. Nc3 Nc6 10. e3 Bg4 11. Nd5 Qd8 12. b4 e4 13. Ng5 Nxd5 14. cxd5 Qxg5 15. dxc6 Bf3 16. h4 Qf5 17. cxb7 Rab8 18. Qc2 Rxb7 19. Bxf3 Qxf3 20. a4 Re8 21. Qc6 Reb8 22. b5 h5 23. Rfc1 Kh7 24. Qd5 f6 25. Rc6 Kg6 26. Rac1 Kh7 27. Rxc7 Rxc7 28. Rxc7 a6 29. Qf7 Qg4 30. bxa6 Rb1+ 31. Kh2 Rb2 32. Qxg7+ Qxg7 33. Rxg7+ Kxg7 34. a7 1-0

[Event "December 12 Late 2023"]
[Site "https://www.chess.com"]
[Date "2023.12.12"]
[Round "9"]
[White "Ambartsumova, Karina"]
[Black "Rian, Kapriaga"]
[Result "1-0"]
[Board "49"]
[TimeControl "180+1"]
[WhiteFideId "4166299"]
[BlackFideId "7103263"]
[WhiteElo "2620"]
[BlackElo "2393"]
[WhiteTeam "RUS"]
[BlackTeam "INA"]
[WhiteClock "0:00:57"]
[BlackClock "0:00:13"]

1. d4 Nf6 2. c4 c5 3. d5 b5 4. cxb5 d6 5. Nc3 g6 6. Nf3 Bg7 7. g3 O-O 8. Bg2 a6 9. b6 Nbd7 10. O-O Nxb6 11. e4 Bb7 12. Re1 Ng4 13. Bf4 Nd7 14. Qc2 Qa5 15. Nd2 Nge5 16. Be3 Qc7 17. h3 c4 18. Bf1 Nc5 19. Bxc4 Nxc4 20. Nxc4 Rfc8 21. b3 Bxc3 22. Qxc3 Nxe4 23. Qd4 Nf6 24. Nb6 Rab8 25. Rac1 Qd8 26. Nxc8 Rxc8 27. Rxc8 Qxc8 28. Bh6 Qxh3 29. Rxe7 Bxd5 30. Qxd5 Nxd5 31. Re8# 1-0

[Event "December 12 Late 2023"]
[Site "https://www.chess.com"]
[Date "2023.12.12"]
[Round "9"]
[White "Garcia Almaguer, Juan Manuel"]
[Black "Aldokhin, Ivan"]
[Result "0-1"]
[Board "50"]
[TimeControl "180+1"]
[WhiteFideId "5110491"]
[BlackFideId "24115720"]
[WhiteElo "2494"]
[BlackElo "2682"]
[WhiteTeam "MEX"]
[BlackTeam "RUS"]
[WhiteClock "0:00:11"]
[BlackClock "0:00:22"]

1. e4 c5 2. Nf3 e6 3. d4 cxd4 4. Nxd4 a6 5. Nc3 Qc7 6. Be2 Nf6 7. a3 d6 8. Be3 b5 9. f4 Bb7 10. Bf3 Nbd7 11. Nb3 Be7 12. O-O Rc8 13. Qd2 Qb8 14. Qf2 Rxc3 15. bxc3 Nxe4 16. Bxe4 Bxe4 17. a4 Nf6 18. axb5 axb5 19. Qe2 h5 20. Nd4 O-O 21. Bf2 Bd5 22. Nf5 exf5 23. Qxe7 Re8 24. Qa7 Qc8 25. Bd4 Ne4 26. Rae1 Re6 27. Re3 Rg6 28. g3 h4 29. Rff3 hxg3 30. Rxg3 Nxg3 31. Rxg3 Rxg3+ 32. hxg3 Qe6 33. Kf2 Qe4 34. Qb8+ Kh7 35. Qxd6 Qxc2+ 36. Ke3 Be4 37. Be5 Qg2 38. Kd4 Qf2# 0-1

[Event "December 12 Late 2023"]
[Site "https://www.chess.com"]
[Date "2023.12.12"]
[Round "9"]
[White "Wu, Derek"]
[Black "Makaraci, Tunahan"]
[Result "1-0"]
[Board "51"]
[TimeControl "180+1"]
[WhiteFideId "30914558"]
[BlackFideId "6356559"]
[WhiteElo "2680"]
[BlackElo "2509"]
[WhiteTeam "USA"]
[BlackTeam "TUR"]
[WhiteClock "0:00:33"]
[BlackClock "0:00:00"]

1. e4 Nf6 2. e5 Nd5 3. c4 Nb6 4. d4 d6 5. f4 dxe5 6. fxe5 Bf5 7. Be3 e6 8. Nc3 Bb4 9. Nf3 c5 10. Be2 Nc6 11. O-O O-O 12. d5 Bxc3 13. bxc3 exd5 14. Bxc5 Re8 15. cxd5 Nxd5 16. Bc4 Be6 17. Qd2 Nc7 18. Bxe6 Nxe6 19. Bd6 Qb6+ 20. Kh1 Rad8 21. Rab1 Qa6 22. Qb2 b6 23. h3 Na5 24. Qf2 Nc4 25. Nd4 Rd7 26. Nf5 Qc8 27. Rbd1 Qc6 28. Qg3 g6 29. Nh6+ Kg7 30. Qh4 Nxd6 31. exd6 Rde7 32. dxe7 1-0

[Event "December 12 Late 2023"]
[Site "https://www.chess.com"]
[Date "2023.12.12"]
[Round "9"]
[White "Yandarbiev, Ruslan"]
[Black "Karttunen, Mika"]
[Result "0-1"]
[Board "52"]
[TimeControl "180+1"]
[WhiteFideId "4115023"]
[BlackFideId "502081"]
[WhiteElo "2491"]
[BlackElo "2634"]
[WhiteTeam "RUS"]
[BlackTeam "FIN"]
[WhiteClock "0:00:37"]
[BlackClock "0:00:26"]

1. c4 Nf6 2. g3 g6 3. Bg2 Bg7 4. Nc3 O-O 5. d4 d6 6. e4 Nc6 7. Nge2 Bg4 8. h3 Bd7 9. Be3 Qc8 10. Qd2 Re8 11. g4 h5 12. g5 Nh7 13. h4 a6 14. f4 Bg4 15. O-O Bh3 16. Rf3 Bxg2 17. Kxg2 e6 18. Raf1 b5 19. b3 bxc4 20. bxc4 Rb8 21. Ng3 f5 22. gxf6 Nxf6 23. f5 exf5 24. exf5 Ng4 25. f6 Bxf6 26. Rxf6 Nxe3+ 27. Kg1 Qg4 28. R1f3 Nf5 29. Qg2 Rb2 30. Qxb2 Qxf3 31. Nxf5 Re1+ 0-1

[Event "December 12 Late 2023"]
[Site "https://www.chess.com"]
[Date "2023.12.12"]
[Round "9"]
[White "Rangel, Daniel"]
[Black "Mendes Aaron Reeve"]
[Result "1-0"]
[Board "53"]
[TimeControl "180+1"]
[WhiteFideId "2124475"]
[BlackFideId "25954938"]
[WhiteElo "2485"]
[BlackElo "2626"]
[WhiteTeam "BRA"]
[BlackTeam "CAN"]
[WhiteClock "0:00:08"]
[BlackClock "0:00:04"]

1. e4 c5 2. Nf3 d6 3. d4 cxd4 4. Nxd4 Nf6 5. Nc3 a6 6. Rg1 e5 7. Nb3 Be6 8. Be2 d5 9. exd5 Nxd5 10. Nxd5 Qxd5 11. Be3 Nc6 12. Qxd5 Bxd5 13. O-O-O Bxb3 14. axb3 Be7 15. Bg4 Rd8 16. Bb6 Rxd1+ 17. Rxd1 O-O 18. Rd7 f5 19. Be2 Rb8 20. Bc4+ Kf8 21. Bc7 Ra8 22. Bb6 Rb8 23. Bd5 Ke8 24. Rc7 Nd8 25. Bg8 h6 26. Bh7 Nc6 27. Bxf5 Bd8 28. Bg6+ Kf8 29. Bc5+ Kg8 30. Rd7 Bg5+ 31. Kb1 Bf6 32. Bf7+ Kh7 33. Bc4 Nd4 34. Bxd4 exd4 35. Bd3+ Kh8 36. Be4 b5 37. Ra7 Re8 38. f3 Rd8 39. Rxa6 Rb8 40. Ra8 Rxa8 41. Bxa8 b4 42. Be4 Kg8 43. Kc1 Kf7 44. Kd2 Ke7 45. Kd3 Kd6 46. Kc4 Ke5 47. Kxb4 Kf4 48. Kc4 Ke3 49. b4 Kf2 50. g4 Kg1 51. b5 Kxh2 52. b6 Be5 53. b7 Bf4 54. Kxd4 Kg3 55. c4 g6 56. Bxg6 Kxf3 57. Bh5 Kg3 58. c5 Bb8 59. c6 Kf4 60. b4 Bc7 61. b5 Bb6+ 62. Kd5 Bc7 63. Kc5 Ke5 64. b6 Bd6+ 65. Kb5 Kd5 66. c7 Ke5 67. c8=Q Kd5 68. Qc6+ Kd4 69. Qxd6+ Kc3 70. b8=Q Kb3 71. Qbc7 Kb2 72. Qb4+ Ka2 73. b7 Ka1 74. b8=Q Ka2 75. Qba7# 1-0